 Dungeon Crawl Stone Soup version 0.32-a0-520-g344ed53f66 (webtiles) character file.

Game seed: 14061761817344745367

173 ragingrage the Slasher (level 5, -3/35 (41) HPs)
             Began as a Merfolk Chaos Knight on Feb 27, 2024.
             Was a Plaything of Xom.
             Slain by a sleepcap (30 damage)
             ... on level 4 of the Dungeon.
             The game lasted 00:02:51 (2593 turns).

ragingrage the Slasher (Merfolk Chaos Knight)       Turns: 2593, Time: 00:02:52

HP:   -3/35 (41)    AC:  6    Str: 12    XL:     5   Next: 53%
MP:   5/5           EV:  2    Int: 11    God:    Xom [..*...]
Gold: 192           SH:  0    Dex: 16    Spells: 4/4 levels left

rFire   . . .        a - +0 falchion (chaos)
rCold   . . .        (no shield)
rNeg    . . .        b - +2 leather armour
rPois   +            (no helmet)
rElec   .            i - +0 cloak
rCorr   .            (no gloves)
SInv    .            (no boots)
Will    .....        (no amulet)
Stlth   ++++         p - ring of poison resistance
HPRegen 0.25/turn    (no ring)
MPRegen 0.09/turn

%: no passive effects
@: especially stealthy, sleeping, heavily drained
A: (nimble swimmer 2), mertail
a: Renounce Religion


You were on level 4 of the Dungeon.
You worshipped Xom.
You were a toy of Xom.
You visited 1 branch of the dungeon, and saw 4 of its levels.

You collected 192 gold pieces.

Inventory:

Hand Weapons
 a - a +0 falchion of chaos (weapon)
 n - a +0 sling
Armour
 b - a +2 leather armour (worn)
 i - a +0 cloak (worn)
Jewellery
 p - a ring of poison resistance (left hand)
Scrolls
 c - a scroll of butterflies
 d - a scroll of identify {unknown}
 e - a scroll of teleportation {unknown}
 h - a scroll of revelation {unknown}
 k - 2 scrolls of blinking {unknown}
 o - a scroll of enchant armour {unknown}
Potions
 f - 2 potions of mutation {unknown}
 g - 2 potions of haste {unknown}
 j - a potion of might {unknown}
 l - a potion of degeneration {unknown}
 m - a potion of heal wounds {unknown}


   Skills:
 - Level 3.2 Fighting
 + Level 6.9 Long Blades
 - Level 0.6 Armour
 - Level 2.6 Dodging
 - Level 2.0 Stealth


You had 4 spell levels left.
You didn't know any spells.
Your spell library was empty.

Dungeon Overview and Level Annotations

Branches:
Dungeon (4/15)
 Temple: D:4-7

Altars:


Innate Abilities, Weirdness & Mutations

((You are very nimble when in or above water. (Stealth+, EV+, Speed+++)))
Your lower body shifts to a powerful aquatic tail in water.


Message History

No target in view!
No target in view!
No target in view!
No target in view!
No target in view!
No target in view!
No target in view!
You see here a ball python corpse.
Things that are here:
a +0 short sword; 3 stones A sleepcap comes into view.
You hear the slow rusting of a drain very nearby.
You hit the sleepcap but do no damage. The sleepcap closely misses you.
You hit the sleepcap but do no damage.
The sleepcap suddenly stops moving!
The sleepcap is no longer paralysed.
The sleepcap releases spores at you.
You hit the sleepcap.
The sleepcap suddenly seems more resistant.
The sleepcap barely misses you.
You hit the sleepcap. The sleepcap releases spores at you.
You are engulfed in a cloud of soporific spores!
You fall asleep.
The sleepcap releases spores at you.
You wake up.
You are engulfed in a cloud of soporific spores!
You are unaffected.
You hit the sleepcap but do no damage. The sleepcap barely misses you.
You slash the sleepcap!
The sleepcap seems to grow stronger.
The sleepcap completely misses you.
You hit the sleepcap.
The sleepcap releases spores at you but does no damage.
Unknown command.
Unknown command.
You hit the sleepcap. The sleepcap misses you.
You hit the sleepcap. The sleepcap releases spores at you.
You are engulfed in a cloud of soporific spores!
You fall asleep.
The sleepcap releases spores at you but does no damage.
The sleepcap releases spores at you!!
Ouch! That really hurt!
You die...
Xom bursts into laughter!

###### ### #....# ..#
#.##.# # #.# #.##.#
####.#####.# #####.##.#
......f@.#.####......#.#
####.##.........##......
#.....#######.).#.#
##....# #..†..# ##.#$#
#.....# ##.## #...... #
#####.# #.# ..#


You could see a sleepcap (strong, resistant).

Vanquished Creatures
  An iguana (D:2)
  An orc wizard (D:3)
  4 gnolls
  An adder (D:2)
  2 dart slugs
  2 ribbon worms
  5 orcs
  7 endoplasms
  A giant cockroach (D:1)
  4 goblins
  5 hobgoblins
  6 kobolds
  A quokka (D:1)
  8 ball pythons
  3 bats
  6 frilled lizards
  5 rats
62 creatures vanquished.

Vanquished Creatures (collateral kills)
  A ribbon worm (D:3)
1 creature vanquished.

Vanquished Creatures (others)
  A gnoll zombie (D:3)
1 creature vanquished.

Grand Total: 64 creatures vanquished

Notes
Turn   | Place    | Note
-------+----------+-------------------------------------------
     0 | D:1      | ragingrage the Merfolk Chaos Knight began the quest for the
                  | Orb.
     0 | D:1      | Reached XP level 1. HP: 18/18 MP: 1/1
   121 | D:1      | Reached skill level 4 in Long Blades
   230 | D:1      | Reached XP level 2. HP: 24/24 MP: 2/2
   297 | D:1      | Reached skill level 1 in Stealth
   343 | D:1      | XOM: divination: detect creatures
   443 | D:1      | Reached XP level 3. HP: 29/29 MP: 3/3
   751 | D:2      | XOM: confuse monster(s)
   759 | D:2      | XOM: divination: detect items
  1076 | D:2      | Reached skill level 5 in Long Blades
  1076 | D:2      | Reached XP level 4. HP: 8/35 MP: 4/4
  1184 | D:2      | Found a faded altar of an unknown god.
  1658 | D:3      | XOM: cast spell 'Iskenderun's Battlesphere'
  1726 | D:3      | Reached skill level 6 in Long Blades
  1755 | D:3      | Reached XP level 5. HP: 41/41 MP: 5/5
  2242 | D:3      | XOM: draining
  2299 | D:3      | XOM: divination: detect creatures
  2342 | D:3      | XOM: silly message
  2531 | D:4      | XOM: stealth player
  2593 | D:4      | Slain by a sleepcap

Illustrated notes

Levels and vault maps discovered:
D:1:      beargit_arrival_diablo_church, layout_basic, minmay_hexomino_r4
D:2:      layout_basic, chequers_ecumenical_altar_island,
          kennysheep_generic_room_15
D:3:      layout_basic, serial_rivers, chequers_serial_rivers_room_a,
          chequers_serial_rivers_marsh, chequers_serial_rivers_micro_d,
          chequers_serial_rivers_small_a
D:4:      layout_loops_corners, serial_shops, shop, gup_sewer_entry_pipe,
          fountainhead

Skill      XL: |  1  2  3  4 |
---------------+-------------+-----
Long Blades    | 4 5 6 |  6.9
Stealth        | 1 2 |  2.0
Fighting       | |  3.2
Armour         | |  0.6
Dodging        | |  2.6

Action                     |  1- 3 |  4- 6 || total
---------------------------+-------+-------++-------
  Melee: Falchion          |    82 |   109 ||   191
         Tailslap          |       |     2 ||     2
   Stab: Sleeping          |     3 |     1 ||     4
 Armour: Leather armour    |    34 |    64 ||    98
  Dodge: Dodged            |    50 |    50 ||   100
         Repelled          |     1 |     1 ||     2

Table legend: (Time is in decaauts)
 A = Elapsed time spent in this place.
 B = Non-inter-level travel time spent in this place.
 C = Inter-level travel time spent in this place.
 D = Time resting spent in this place.
 E = Time spent auto-exploring this place.
 F = Levels seen in this place.
 G = Mean time per level.
                   A        B        C        D        E       F      G
               +--------+--------+--------+--------+--------+-----+--------+
         Total |   2585 |   2481 |    104 |    307 |   1688 |   4 |  646.2 |
       Dungeon |   2585 |   2481 |    104 |    307 |   1688 |   4 |  646.2 |
               +--------+--------+--------+--------+--------+-----+--------+

Top non-repeatable levels by time:
     D:2: 930 daAuts
     D:3: 845 daAuts
     D:1: 749 daAuts
     D:4: 60 daAuts
